 Dungeon Crawl Stone Soup version 0.32-a0-131-g9dbbe29261 (webtiles) character file.

Game seed: 17414349106719236355

718 hikkokomori the Ruffian (level 7, -1/67 HPs)
             Began as a Troll Fighter on Feb 9, 2024.
             Was an Initiate of Okawaru.
             Splashed by a jelly's acid (9 damage)
             ... on level 6 of the Dungeon.
             The game lasted 00:09:48 (2699 turns).

hikkokomori the Ruffian (Troll Fighter)             Turns: 2699, Time: 00:09:48

Health: -1/67      AC: -21   Str: 25    XL:     7   Next: 42%
Magic:  7/7        EV:  9    Int:  4    God:    Okawaru [......]
Gold:   219        SH:  9    Dex: 11    Spells: 6/6 levels left

rFire   . .          .
                       - Unarmed
rCold   + . .        b - +1 kite shield
rNeg    . . .        g - +2 robe {rC+}
rPois   .            (helmet restricted)
rElec   .            j - +0 cloak
rCorr   .            (gloves unavailable)
SInv    .            (boots unavailable)
Will    .....        (no amulet)
Stlth   ++           l - ring of flight
HPRegen 1.11/turn    (no ring)
MPRegen 0.10/turn

%: no passive effects
@: mighty, corroded, flying
A: large, unfitting armour, claws 3, regeneration 1, shaggy fur 1, tough skin 1
a: Renounce Religion


You were on level 6 of the Dungeon.
You worshipped Okawaru.
Okawaru was noncommittal.
You visited 1 branch of the dungeon, and saw 6 of its levels.

You collected 219 gold pieces.

Inventory:

Missiles
 f - a curare-tipped dart
 h - 2 boomerangs
 m - a throwing net
 n - 27 stones (quivered)
 o - 17 poisoned darts
 p - 4 large rocks
Armour
 a - a +0 robe
 b - a +1 kite shield (worn)
 g - a +2 robe of cold resistance (worn)
 j - a +0 cloak (worn)
Jewellery
 l - a ring of flight (left claw)
 v - an amulet of regeneration
Scrolls
 d - 4 scrolls of immolation
 e - a scroll of blinking
Potions
 k - 2 potions of curing
 r - a potion of heal wounds
 s - a potion of attraction
 u - a potion of magic
 w - a potion of lignification


   Skills:
 - Level 3.0 Fighting
 + Level 3.5 Throwing
 - Level 2.4 Dodging
 - Level 2.0 Stealth
 - Level 2.6 Shields
 + Level 5.4 Unarmed Combat
 - Level 2.0 Invocations


You had 6 spell levels left.
You didn't know any spells.
Your spell library contained the following spells:

 Spells                   Type           Power      Damage    Failure   Level
 Kiss of Death            Conj/Necr      0%         2d5       77%         1
 Necrotise                Necr           0%         1d4       77%         1
 Shock                    Conj/Air       0%         1d3       77%         1
 Sublimation of Blood     Necr           0%         N/A       88%         2
 Confusing Touch          Hex            0%         N/A       98%         3
 Inner Flame              Hex/Fire       0%         N/A       98%         3
 Swiftness                Air            0%         N/A       98%         3
 Vampiric Draining        Necr           0%         2d6       98%         3
 Airstrike                Air            0%         2d(0-16)  100%        4
 Dimensional Bullseye     Hex/Tloc       0%         N/A       100%        4
 Dispel Undead            Necr           0%         3d6       100%        4
 Iskenderun's Mystic Bla  Conj/Tloc      0%         2d3       100%        4
 Curse of Agony           Necr           0%         N/A       100%        5
 Irradiate                Conj/Alch      0%         3d11      100%        5
 Ignition                 Fire           0%         3d3       100%        8
 Call Imp                 Summ           Unusable   N/A       N/A         2
 Tukima's Dance           Hex            Unusable   N/A       N/A         3
 Martyr's Knell           Necr/Summ      Unusable   N/A       N/A         4
 Summon Hydra             Summ           Unusable   N/A       N/A         7

Dungeon Overview and Level Annotations

Branches:
Dungeon (6/15)
 Temple: D:4-7

Altars:
Ashenzari
Fedhas
Gozag
Hepliaklqana
Kikubaaqudgha
Okawaru
Ru
Trog
Uskayaw
Vehumet
Wu Jian
Xom
Zin


Innate Abilities, Weirdness & Mutations

You are too large for most types of armour.
You have claws for hands.
Your natural rate of healing is unusually fast.
You are covered in fur. (AC +1)
You have tough skin. (AC +1)


Message History

You feel much better. The jelly hits you. The acid corrodes you!
You are splashed with acid!
There is an open gate here.
Things that are here:
a +0 short sword of holy wrath; a +0 short sword The jelly attacks as it pursues you!
The jelly hits you.
You are splashed with acid!
The jelly attacks as it pursues you! The jelly barely misses you.
There is a stone staircase leading down here.
You block the jelly's attack.
You fly downwards.
You hear the hiss of flowing sand.
There is an entrance to an ossuary on this level.
Hurry and find it before the portal is buried!
The black bear growls angrily.
There is a stone staircase leading up here.
You scratch the jelly but do no damage. The acid corrodes you!
Your claws burn!
The jelly hits you.
You are splashed with acid.
You feel very mighty all of a sudden. The jelly closely misses you.
You scratch the jelly but do no damage.
Your claws burn!
A hound comes into view.
The jelly barely misses you.
A sleepcap comes into view.
You scratch the jelly but do no damage.
Your claws burn!
The jelly hits you.
You are splashed with acid!
* * * LOW HITPOINT WARNING * * *
You block the jelly's attack.
The black bear attacks as it pursues you!
The black bear barely misses you. The black bear claws you.
* * * LOW HITPOINT WARNING * * *
The black bear barely misses you. The jelly attacks as it pursues you!
The jelly hits you.
* * * LOW HITPOINT WARNING * * *
The acid corrodes you!
You are splashed with acid!
* * * LOW HITPOINT WARNING * * *
Found a stone staircase leading down.
The jelly attacks as it pursues you! The jelly hits you.
* * * LOW HITPOINT WARNING * * *
The acid corrodes you!
You are splashed with acid!
You die...

.##.... .#...
...# ##..# #...#
#<#h###
#.....#.h.#
#h..#####.######
......
#...J@...# .....
#.######.# ..f..
... .... ...
##....... ##.#
#>


You could see a black bear, a hound and a jelly.

Vanquished Creatures
  A slime creature (D:5)
  An ogre (D:4)
  2 kobold brigands (D:5)
  2 hounds (D:4)
  A bombardier beetle (D:4)
  2 orc priests (D:3)
  2 jellies (D:5)
  Jessica (D:2)
  An adder (D:2)
  2 ufetubi (D:5)
  2 dart slugs (D:1)
  2 ribbon worms
  9 orcs
  8 endoplasms
  2 giant cockroaches (D:2)
  10 goblins
  7 hobgoblins
  14 kobolds
  3 quokkas
  7 ball pythons
  4 bats (D:1)
  4 frilled lizards
  2 rats (D:3)
89 creatures vanquished.

Notes
Turn   | Place    | Note
-------+----------+-------------------------------------------
     0 | D:1      | hikkokomori the Troll Fighter began the quest for the Orb.
     0 | D:1      | Reached XP level 1. HP: 22/22 MP: 0/0
    64 | D:1      | HP: 1/22 [poisoned by a kobold]
    67 | D:1      | Reached XP level 2. HP: 2/29 MP: 1/1
   140 | D:1      | Reached skill level 3 in Unarmed Combat
   600 | D:1      | Reached XP level 3. HP: 36/36 MP: 2/2
   641 | D:1      | Reached skill level 1 in Throwing
   857 | D:2      | Noticed Jessica
   899 | D:2      | Killed Jessica
   900 | D:2      | Reached skill level 4 in Unarmed Combat
   962 | D:2      | Reached XP level 4. HP: 44/44 MP: 3/3
  1658 | D:3      | Found a shimmering altar of Xom.
  1665 | D:3      | Reached skill level 5 in Unarmed Combat
  1665 | D:3      | Reached XP level 5. HP: 49/50 MP: 4/4
  2012 | D:4      | Noticed an ogre
  2020 | D:4      | Killed an ogre
  2021 | D:4      | Reached skill level 1 in Stealth
  2021 | D:4      | Reached XP level 6. HP: 40/59 MP: 5/5
  2074 | D:4      | Found a broken altar of Ashenzari.
  2099 | D:4      | Found an ornate altar of the Wu Jian Council.
  2099 | D:4      | Found a bloodstained altar of Trog.
  2101 | D:4      | Found an ancient bone altar of Kikubaaqudgha.
  2101 | D:4      | Found an opulent altar of Gozag.
  2102 | D:4      | Found a sacrificial altar of Ru.
  2102 | D:4      | Found an iron altar of Okawaru.
  2103 | D:4      | Found a hazy altar of Hepliaklqana.
  2110 | D:4      | Became a worshipper of Warmaster Okawaru
  2454 | D:5      | Entered Level 5 of the Dungeon
  2540 | D:5      | Reached skill level 1 in Invocations
  2598 | D:5      | Reached XP level 7. HP: 53/66 MP: 7/7
  2615 | D:5      | Found a glowing silver altar of Zin.
  2615 | D:5      | Found a broken altar of Ashenzari.
  2615 | D:5      | Found a hide-covered altar of Uskayaw.
  2615 | D:5      | Found a radiant altar of Vehumet.
  2615 | D:5      | Found a broken altar of Ashenzari.
  2615 | D:5      | Found a blossoming altar of Fedhas.
  2615 | D:5      | Noticed a slime creature
  2640 | D:5      | Killed a slime creature
  2699 | D:6      | Splashed by a jelly's acid

Illustrated notes

Levels and vault maps discovered:
D:1:      minmay_arrival_stone_box, layout_loops_ring,
          minmay_misc_feat_secret_circle
D:2:      layout_loops_ring, uniq_jessica
D:3:      layout_basic, xom_teletrap_fun
D:4:      layout_cave_pools, grunt_temple_overflow_open, old_standard_altar
D:5:      cheibrodos_fertilizer, layout_loops_ring, dreamdust_divine_triumvirate
D:6:      layout_loops_ring, mainiacjoe_ossuary_entry_find_the_door

Skill      XL: |  1  2  3  4  5  6  7 |
---------------+----------------------+-----
Unarmed Combat | 3 4 5 |  5.4
Throwing       | 1 3 |  3.5
Stealth        | 1 2 |  2.0
Invocations    | 2 |  2.0
Fighting       | 3 |  3.0
Dodging        | |  2.4
Shields        | |  2.6

Action                     |  1- 3 |  4- 6 |  7- 9 || total
---------------------------+-------+-------+-------++-------
  Melee: Unarmed           |    84 |   119 |    18 ||   221
  Throw: Stone             |    20 |     9 |       ||    29
         Dart              |       |     4 |       ||     4
         Large rock        |       |     1 |     1 ||     2
    Use: Scroll            |       |    11 |       ||    11
         Potion            |       |       |     2 ||     2
   Stab: Sleeping          |       |     1 |       ||     1
 Armour: Robe              |    40 |    56 |    15 ||   111
  Dodge: Dodged            |    24 |    24 |     9 ||    57
  Block: Kite shield       |    40 |    49 |    10 ||    99

Table legend: (Time is in decaauts)
 A = Elapsed time spent in this place.
 B = Non-inter-level travel time spent in this place.
 C = Inter-level travel time spent in this place.
 D = Time resting spent in this place.
 E = Time spent auto-exploring this place.
 F = Levels seen in this place.
 G = Mean time per level.
                   A        B        C        D        E       F      G
               +--------+--------+--------+--------+--------+-----+--------+
         Total |   2716 |   2627 |     89 |     32 |   1879 |   6 |  452.7 |
       Dungeon |   2716 |   2627 |     89 |     32 |   1879 |   6 |  452.7 |
               +--------+--------+--------+--------+--------+-----+--------+

Top non-repeatable levels by time:
     D:1: 879 daAuts
     D:2: 674 daAuts
     D:4: 504 daAuts
     D:3: 411 daAuts
     D:5: 236 daAuts
     D:6: 9 daAuts
